 Dungeon Crawl Stone Soup version 0.28-a0-1524-ge72afd5fc6 (webtiles) character file.

Game seed: 8853802984990595088

18 psuckher the Conjurer (level 2, -1/20 HPs)
             Began as a Draconian Conjurer on Jan 17, 2022.
             Slain by a rat (3 damage)
             ... on level 1 of the Dungeon.
             The game lasted 00:02:36 (264 turns).

psuckher the Conjurer (Draconian Conjurer)           Turns: 264, Time: 00:02:36

Health: -1/20      AC:  5    Str:  9    XL:     2   Next: 48%
Magic:  0/5        EV: 12    Int: 18    God:
Gold:   7          SH:  0    Dex:  9    Spells: 4/5 levels left

rFire   . . .      SeeInvis .   (no weapon)
rCold   . . .      Faith    .   (no shield)
rNeg    . . .      Spirit   .   (armour unavailable)
rPois   .          Reflect  .   (helmet restricted)
rElec   .          Harm     .   (no cloak)
rCorr   .          Rampage  .   c - +0 pair of gloves
Will    .....                   (no boots)
Stlth   ++........              (no amulet)
HPRegen 0.06/turn               (no ring)
MPRegen 0.09/turn               (no ring)

@: mighty, attractive
A: AC +4, unfitting armour, cold-blooded
a: no special abilities


You were on level 1 of the Dungeon.
You visited 1 branch of the dungeon, and saw 1 of its levels.

You collected 7 gold pieces.

Inventory:

Armour
 c - a +0 pair of gloves (worn)
Scrolls
 d - a scroll of identify {unknown}


   Skills:
 + Level 1.8 Dodging
 + Level 1.7 Stealth
 + Level 0.4 Unarmed Combat
 + Level 2.0 Spellcasting
 + Level 4.5 Conjurations


You had 4 spell levels left.
You knew the following spells:

 Your Spells              Type           Power      Damage    Failure   Level
a - Magic Dart            Conj           72%        1d6       2%          1

Your spell library contained the following spells:

 Spells                   Type           Power      Damage    Failure   Level
 Searing Ray              Conj           36%        2d5       4%          2
 Dazzling Flash           Conj/Hex       20%        N/A       22%         3
 Fulminant Prism          Conj/Hex       5%         3d7       56%         4
 Iskenderun's Mystic Bla  Conj/Tloc      10%        2d4       56%         4


Dungeon Overview and Level Annotations

Branches:
Dungeon (1/15)

Altars:


Innate Abilities, Weirdness & Mutations

Your plain brown scales are hard. (AC +4)
You cannot fit into any form of body armour.
You are cold-blooded and may be slowed by cold attacks.


Message History

You barely miss the giant cockroach. The bat completely misses you.
The giant cockroach misses you. The rat barely misses you.
The giant cockroach barely misses you.
You hit the giant cockroach but do no damage.
The bat closely misses you.
The giant cockroach bites you but does no damage.
The rat bites you but does no damage. The bat closely misses you.
You see here a bat corpse.
You don't have enough magic to cast this spell.
It was a potion of attraction.
You feel attractive to monsters. The giant cockroach misses you.
It was a potion of might.
You feel very mighty all of a sudden. The bat closely misses you.
The giant cockroach bites you but does no damage.
The rat bites you.
* * * LOW HITPOINT WARNING * * *
Unknown command.
Okay, then.
Aiming: Magic Dart (safe; 2% risk of failure)
Press: ? - help, Q - select action Shift-Dir - straight line, f - giant cockroach, p - rat
Aim: a giant cockroach (100% to hit)
The magic dart hits the giant cockroach.
The giant cockroach is severely wounded.
The bat barely misses you. The giant cockroach barely misses you.
The rat bites you but does no damage.
You punch the giant cockroach!
You kill the giant cockroach!
The bat hits you but does no damage. The rat barely misses you.
The bat is attracted toward you.
You don't have enough magic to cast this spell.
You closely miss the bat. The bat closely misses you.
The rat bites you but does no damage. The bat hits you.
* * * LOW HITPOINT WARNING * * *
You barely miss the bat. You tail-slap the bat.
You kill the bat!
The rat bites you.
You die...

########## .........#
..(......############
....................#
....................#
....................####..
..........................
......§††@...........#####
....†...r............#....
.................(...#..#.
.......[.............##.#†
.#####.#############†.....
#..# #........## .#.#
#........# ..#.#####
#.......### #.....#
####'###...


You could see a rat.

Vanquished Creatures
  4 bats (D:1)
  An endoplasm (D:1)
  2 giant cockroaches (D:1)
  A goblin (D:1)
  4 hobgoblins (D:1)
  A jackal (D:1)
  A frilled lizard (D:1)
  A rat (D:1)
15 creatures vanquished.

Notes
Turn   | Place    | Note
-------+----------+-------------------------------------------
     0 | D:1      | psuckher the Draconian Conjurer began the quest for the
                  | Orb.
     0 | D:1      | Reached XP level 1. HP: 14/14 MP: 3/3
   143 | D:1      | Reached XP level 2. HP: 15/20 MP: 3/5
   264 | D:1      | Slain by a rat

Illustrated notes

Levels and vault maps discovered:
D:1:      dpeg_arrival_renting, layout_basic

Action                   || total
-------------------------++-------
Melee: Unarmed           ||    68
       Tailslap          ||     7
       Punch             ||     1
 Cast: Magic Dart        ||    16
  Use: Potion            ||     2
Armor: Skin              ||    37
Dodge: Dodged            ||    89

Table legend: (Time is in decaauts)
 A = Elapsed time spent in this place.
 B = Non-inter-level travel time spent in this place.
 C = Inter-level travel time spent in this place.
 D = Time resting spent in this place.
 E = Time spent auto-exploring this place.
 F = Levels seen in this place.
 G = Mean time per level.
                   A        B        C        D        E       F      G
               +--------+--------+--------+--------+--------+-----+--------+
         Total |    263 |    259 |      4 |      0 |      0 |   1 |  263.0 |
       Dungeon |    263 |    259 |      4 |      0 |      0 |   1 |  263.0 |
               +--------+--------+--------+--------+--------+-----+--------+

Top non-repeatable levels by time:
     D:1: 263 daAuts
